 Dungeon Crawl Stone Soup version 0.25-a0-294-gea9b1ad378 (webtiles) character file.

Game seed: 6084235719102283146, levelgen mode: deterministic

3096 appa the Ruffian (level 9, -4/84 HPs)
             Began as a Troll Wizard on Dec 19, 2019.
             Was a Priest of Okawaru.
             Killed from afar by Harold (19 damage)
             ... with a harpoon shot
             ... on level 6 of the Dungeon.
             The game lasted 00:18:53 (5499 turns).

appa the Ruffian (Troll Wizard)                     Turns: 5499, Time: 00:18:53

Health: -4/84      AC:  9    Str: 17    XL:     9   Next: 59%
Magic:  13/13      EV: 18    Int: 17    God:    Okawaru [***...]
Gold:   370        SH:  0    Dex:  8    Spells: 9/15 levels left

rFire    + + .     SeeInvis .     - Unarmed
rCold    + + .     Gourm    +   (shield currently unavailable)
rNeg     + + +     Faith    .   (armour currently unavailable)
rPois    ∞         Spirit   .   (helmet currently unavailable)
rElec    +         Reflect  .   (cloak currently unavailable)
rCorr    +         Harm     .   (gloves unavailable)
MR       .....                  (boots unavailable)
Stlth    +.........             (amulet currently unavailable)
HPRegen  0.64/turn              (ring currently unavailable)
MPRegen  0.13/turn              (ring currently unavailable)

@: wisp-form (expiring), flying, quick
A: tiny, unfitting armour, fast metabolism 3, gourmand, regeneration 1
a: Heroism, Renounce Religion


You were on level 6 of the Dungeon.
You worshipped Okawaru.
Okawaru was most pleased with you.
You were very full.
You were an insubstantial wisp.
You visited 2 branches of the dungeon, and saw 8 of its levels.

You collected 370 gold pieces.

Inventory:

Missiles
 j - 3 poisoned darts (quivered)
 q - 7 boomerangs
 u - 6 silver javelins
Armour
 a - a +0 robe
 b - a +0 hat (melded)
 s - a +2 robe of cold resistance (melded)
Jewellery
 f - an amulet of regeneration (melded)
Wands
 l - a wand of flame (12)
Scrolls
 c - 2 scrolls of amnesia {unknown}
 e - a scroll of fear {unknown}
 g - 5 scrolls of remove curse {unknown}
 h - 5 scrolls of teleportation {unknown}
 i - 2 scrolls of enchant armour {unknown}
 k - 4 scrolls of identify {unknown}
 n - 2 scrolls of enchant weapon {unknown}
 r - a scroll of noise {unknown}
 v - a scroll of fog {unknown}
Potions
 m - a potion of cancellation {unknown}
 o - 2 potions of curing {unknown}
 p - a potion of haste {unknown}
 t - 3 potions of brilliance {unknown}
 w - a potion of might {unknown}
 x - 2 potions of flight {unknown}
 A - a potion of heal wounds {unknown}
Comestibles
 d - 11 rations
 z - 4 chunks of flesh


   Skills:
 * Level 4.0 Fighting
 + Level 3.8 Throwing
 - Level 1.5 Dodging
 - Level 1.0 Stealth
 + Level 7.7 Unarmed Combat
 * Level 3.9 Spellcasting
 * Level 1.8 Conjurations
   Level 0.6 Summonings
 * Level 3.6 Translocations
 * Level 1.5 Fire Magic
 * Level 2.6 Invocations


You had 9 spell levels left.
You knew the following spells:

 Your Spells              Type           Power        Failure   Level  Hunger
a - Magic Dart            Conj           #...         8%          1    None
b - Blink                 Tloc           N/A          5%          2    ##.....
c - Conjure Flame         Conj/Fire      #.......     24%         3    ###....

Your spell library contained the following spells:

 Spells                   Type           Power        Failure   Level  Hunger
 Call Imp                 Summ           #.......     19%         2    ##.....
 Slow                     Hex            #.......     24%         2    ##.....
 Mephitic Cloud           Conj/Pois/Air  #.......     36%         3    ###....


Dungeon Overview and Level Annotations

Branches:
Dungeon (7/15)             Temple (1/1) D:4

Altars:
Ashenzari
Cheibriados
Dithmenos
Elyvilon
Fedhas
Hepliaklqana
Kikubaaqudgha
Makhleb
Nemelex Xobeh
Okawaru
Qazlal
Ru
Sif Muna
Trog
Uskayaw
Vehumet
Wu Jian
Xom
Yredelemnul
The Shining One

Annotations:
D:3 3 runed translucent doors, Lanoc's ghost, amateur HOTm
D:5 3 runed translucent doors, twoshot's ghost, amateur DEFE
D:6 exclusion: downstairs, Harold
D:7 Dowan


Innate Abilities, Weirdness & Mutations

You are too large for most types of armour.
((You have claws for hands.))
Your metabolism is lightning-fast.
You like to eat raw meat.
Your natural rate of healing is unusually fast.
((You are covered in fur. (AC +1)))
((You have extremely tough skin. (AC +3)))


Message History

Your amulet of regeneration melds into your body.
You feel less resistant to cold.
Unknown command.
You hit Harold!
Harold is heavily wounded.
Harold hits you with a +3 short sword of speed.
* * * LOW HITPOINT WARNING * * *
Items here: ))) [[ a +0 leather armour; a +0 whip; a cursed +0 plate armour; a +0 hand axe a +0 dagger Harold zaps a wand.
Harold says, "Listen, it's nothing personal.
It's just a job."
Harold points at you and mumbles some strange words.
The harpoon shot hits you!
* * * LOW HITPOINT WARNING * * *
You are yanked forward by the harpoon shot.
Your transformation is almost over.
You feel like a meek peon again. Harold casts a spell at you.
The harpoon shot hits you!!
You die...

.#.# .#.# .#.# .#.# .#.# .#.#
.#.# .#.######################
.#............#.v..@....#
#############.#.#######.#
........#...#.#.# #.#
..........#.#.#.# #.#
#######...#.#.#.# #.# #####
#######.....#.#.#######[#####....
.......................)>(.....(.
########........#.#####[#####....
##....#.###.# #.# ###....


You could see Harold.

Vanquished Creatures
  Prince Ribbit (D:6)
  Eustachio (D:5)
  A hungry ghost (D:6)
  Edmund (D:4)
  2 orc warriors
  2 ice beasts
  3 phantoms
  2 ogres
  A necrophage (D:4)
  3 centaurs
  A big kobold (D:7)
  2 bullfrogs (D:6)
  4 scorpions (D:4)
  3 crimson imps
  A centaur zombie (D:6)
  2 bullfrog skeletons
  8 orc priests
  5 hounds
  An iguana (D:6)
  6 orc wizards
  2 worker ants (D:6)
  A hound skeleton (D:4)
  6 adders
  An ooze (D:5)
  An adder zombie (D:6)
  An adder skeleton (D:6)
  3 worms (D:2)
  2 dart slugs
  6 leopard geckos
  30 orcs
  4 ball pythons
  8 bats
  9 giant cockroaches
  8 goblins
  11 hobgoblins
  16 jackals
  8 kobolds
  2 quokkas
  7 frilled lizards
  A giant cockroach zombie (D:6)
  A leopard gecko zombie (D:6)
  A quokka skeleton (D:5)
  13 rats
192 creatures vanquished.

Vanquished Creatures (others)
  3 fungi (D:5)
3 creatures vanquished.

Grand Total: 195 creatures vanquished

Notes
Turn   | Place    | Note
-------+----------+-------------------------------------------
     0 | D:1      | appa the Troll Wizard began the quest for the Orb.
     0 | D:1      | Reached XP level 1. HP: 16/16 MP: 2/2
   100 | D:1      | Reached XP level 2. HP: 26/26 MP: 4/4
   340 | D:1      | Reached skill level 1 in Fighting
   388 | D:1      | Reached XP level 3. HP: 33/33 MP: 5/5
   401 | D:1      | Learned a level 2 spell: Blink
   595 | D:1      | Reached skill level 1 in Unarmed Combat
   865 | D:2      | Noticed an ogre
   925 | D:2      | Killed an ogre
   925 | D:2      | Reached skill level 2 in Unarmed Combat
   925 | D:2      | Reached skill level 1 in Translocations
   925 | D:2      | Reached XP level 4. HP: 41/41 MP: 6/6
   930 | D:2      | Learned a level 3 spell: Conjure Flame
   982 | D:2      | Reached XP level 5. HP: 31/48 MP: 7/7
  1588 | D:3      | Found a runed translucent gate.
  1589 | D:3      | Found a runed translucent gate.
  1599 | D:3      | Found a runed translucent gate.
  1651 | D:3      | Found a white marble altar of Elyvilon.
  1871 | D:3      | Reached skill level 3 in Unarmed Combat
  2244 | D:3      | Noticed Lanoc's ghost (amateur HOTm)
  2266 | D:4      | Reached XP level 6. HP: 54/57 MP: 9/9
  2300 | D:4      | Reached skill level 1 in Throwing
  2335 | D:4      | Found a staircase to the Ecumenical Temple.
  2404 | D:4      | Reached skill level 4 in Unarmed Combat
  2441 | D:4      | Reached XP level 7. HP: 66/66 MP: 10/10
  2914 | D:4      | Found a sparkling altar of Nemelex Xobeh.
  2993 | D:5      | Entered Level 5 of the Dungeon
  3038 | Temple   | Entered the Ecumenical Temple
  3265 | Temple   | Became a worshipper of Warmaster Okawaru
  3370 | D:5      | Noticed Edmund
  3379 | D:4      | Reached skill level 5 in Unarmed Combat
  3448 | D:4      | Killed Edmund
  3448 | D:4      | Reached * piety under Okawaru
  3448 | D:4      | Reached XP level 8. HP: 53/75 MP: 11/11
  3681 | D:5      | Noticed Eustachio
  3698 | D:5      | Killed Eustachio
  3698 | D:5      | Reached skill level 6 in Unarmed Combat
  3698 | D:5      | Reached skill level 1 in Invocations
  3912 | D:5      | Found a runed translucent gate.
  3913 | D:5      | Found a runed translucent gate.
  3917 | D:5      | Found a runed translucent gate.
  3918 | D:5      | Noticed twoshot's ghost (amateur DEFE)
  4107 | D:6      | Reached ** piety under Okawaru
  4159 | D:6      | Noticed Prince Ribbit
  4165 | D:6      | Reached skill level 1 in Conjurations
  4212 | D:6      | Reached XP level 9. HP: 64/83 MP: 13/13
  4618 | D:6      | Killed Prince Ribbit
  4618 | D:6      | Reached skill level 7 in Unarmed Combat
  4618 | D:6      | Reached skill level 1 in Fire Magic
  4666 | D:6      | Found a snail-covered altar of Cheibriados.
  4668 | D:6      | Found a hazy altar of Hepliaklqana.
  4800 | D:7      | Found a sparkling altar of Nemelex Xobeh.
  4800 | D:7      | Found a burning altar of Makhleb.
  5145 | D:7      | Found an ancient bone altar of Kikubaaqudgha.
  5145 | D:7      | Found a sacrificial altar of Ru.
  5148 | D:7      | Found a radiant altar of Vehumet.
  5148 | D:7      | Found a stormy altar of Qazlal.
  5149 | D:7      | Found a blossoming altar of Fedhas.
  5170 | D:7      | Noticed Harold
  5249 | D:7      | Noticed Dowan
  5253 | D:7      | Reached *** piety under Okawaru
  5499 | D:6      | Killed from afar by Harold

Levels and vault maps discovered:
D:1:      onia_arrival_handbag, layout_loops_ring, minmay_box_of_dots
D:2:      layout_basic, first_ration, minmay_misc_feat_doors
D:3:      layout_loops_ring, elyvilon_altar_4, ebering_ghost_rock_garden,
          minmay_misc_feat_room, kennysheep_big_empty_room, st_stairs_9
D:4:      layout_basic, minmay_temple_entry_mini_moons,
          nemelex_spade_bored_becter
D:5:      layout_cave_pools, gammafunk_ghost_nasty_kobolds, uniq_eustachio,
          uniq_edmund
D:6:      layout_basic, nicolae_overflow_hidden_temple, uniq_prince_ribbit1
D:7:      layout_basic, grunt_temple_overflow_gold_and_silver,
          grunt_temple_overflow_open, serial_shops, nicolae_shop_behind_doors,
          uniq_harold, uniq_duvessa
Temple:   jpeg_temple_alley_garden

Skill      XL: |  1  2  3  4  5  6  7  8  9 |
---------------+----------------------------+-----
Fighting       | 1 2 3 4 |  4.0
Unarmed Combat | 2 3 4 5 6 7 |  7.7
Translocations | 1 2 3 |  3.6
Throwing       | 1 2 3 |  3.8
Spellcasting   | 3 |  3.9
Invocations    | 1 2 |  2.6
Conjurations   | 1 |  1.8
Fire Magic     | 1 |  1.5
Dodging        | |  1.5
Stealth        | |  1.0
Summonings     | |  0.6

Action                   |  1- 3 |  4- 6 |  7- 9 || total
-------------------------+-------+-------+-------++-------
Melee: Unarmed           |   125 |   159 |   435 ||   719
       Punch             |       |     2 |     4 ||     6
Throw: Dart              |     3 |    32 |    48 ||    83
       Boomerang         |       |       |    18 ||    18
 Cast: Magic Dart        |     1 |       |       ||     1
Invok: Heroism           |       |       |     2 ||     2
  Use: Potion            |       |       |     3 ||     3
 Stab: Sleeping          |     2 |     1 |       ||     3
  Eat: Chunk             |    14 |    14 |    37 ||    65
Armor: Robe              |    59 |    63 |   196 ||   318
Dodge: Dodged            |    89 |    73 |   235 ||   397

Table legend:
 A = Non-vault XP
 B = Vault XP
 C = Vault XP percentage of total XP
 D = Non-vault monster count
 E = Vault monster count
 F = Vault count percentage of total count
                 A         B        C        D         E       F
            +---------+---------+-------+---------+---------+-------
      Total |    3803 |     620 |  14.0 |     179 |      12 |   6.3
            +---------+---------+-------+---------+---------+-------
        D:1 |      49 |      11 |  18.3 |      29 |       7 |  19.4
        D:2 |     183 |       0 |   0.0 |      24 |       0 |   0.0
        D:3 |     119 |       3 |   2.5 |      18 |       2 |  10.0
        D:4 |    1039 |     157 |  13.1 |      39 |       1 |   2.5
        D:5 |     479 |     185 |  27.9 |      13 |       1 |   7.1
        D:6 |    1582 |     264 |  14.3 |      43 |       1 |   2.3
        D:7 |     352 |       0 |   0.0 |      13 |       0 |   0.0
            +---------+---------+-------+---------+---------+-------
